 Dungeon Crawl Stone Soup version 0.23-a0-607-g760965b (console) character file.

48 Duffy the Magician (level 3, 0/19 HPs)
             Began as a Deep Elf Wizard on Dec 20, 2018.
             Slain by Ijyb
             ... wielding a cursed -1 dagger
              (1 damage)
             ... on level 3 of the Dungeon.
             The game lasted 00:02:23 (1677 turns).

Duffy the Magician (Deep Elf Wizard)                Turns: 1677, Time: 00:02:24

Health: 0/19       AC:  3    Str:  4    XL:     3   Next: 50%
Magic:  0/11       EV: 13    Int: 23    God:
Gold:   74         SH:  0    Dex: 13    Spells: 1/12 levels left

rFire    . . .     SeeInvis .   (no weapon)
rCold    . . .     Gourm    .   (no shield)
rNeg     . . .     Faith    .   a - +0 robe
rPois    .         Spirit   .   b - +0 hat
rElec    .         Reflect  .   (no cloak)
rCorr    .         Harm     .   j - +0 pair of gloves
MR       .....                  (no boots)
Stlth    ++........             (no amulet)
HPRegen  0.06/turn              (no ring)
MPRegen  0.12/turn              (no ring)

@: no status effects
A: no striking features
a: no special abilities


You were on level 3 of the Dungeon.
You were very hungry.

You visited 1 branch of the dungeon, and saw 3 of its levels.

You collected 74 gold pieces.

Inventory:

Armour
 a - a +0 robe (worn)
 b - a +0 hat (worn)
 j - a +0 pair of gloves (worn)
Scrolls
 c - a scroll of blinking {unknown}
 k - a scroll of identify {unknown}
Comestibles
 d - 5 rations


   Skills:
 - Level 2.4 Dodging
 - Level 2.4 Stealth
 + Level 5.1 Spellcasting
 * Level 3.2 Conjurations
 - Level 1.1 Summonings
 - Level 1.1 Translocations


You had one spell level left.
You knew the following spells:

 Your Spells              Type           Power        Failure   Level  Hunger
h - Magic Dart            Conj           ###.         2%          1    None
i - Call Imp              Summ           ##......     9%          2    None
l - Conjure Flame         Conj/Fire      ##......     14%         3    ##.....
o - Mephitic Cloud        Conj/Pois/Air  ##......     19%         3    ##.....
B - Blink                 Tloc           N/A          9%          2    None

Your spell library contained the following spells:

 Spells                   Type           Power        Failure   Level  Hunger
 Slow                     Hex            #.......     14%         2    None


Dungeon Overview and Level Annotations

Branches:
Dungeon (3/15)

Altars:

Annotations:
D:3 Ijyb


Message History

Ijyb is severely wounded.
Ijyb hits you but does no damage.
Casting: Magic Dart (safe; 2% risk of failure)
Confirm with . or Enter, or press ? or * to list all spells.
Aiming: Magic Dart (safe; 2% risk of failure)
Press: ? - help, Shift-Dir - straight line, f/p - Ijyb
Aim: Ijyb, wielding a -1 dagger, wearing a +0 ring mail and carrying a wand of The magic dart hits Ijyb.
Ijyb is severely wounded.
Ijyb barely misses you.
You barely miss Ijyb.
Ijyb is severely wounded.
Ijyb hits you with a cursed -1 dagger.
Casting: Magic Dart (safe; 2% risk of failure)
Confirm with . or Enter, or press ? or * to list all spells.
You don't have enough magic to cast that spell.
You closely miss Ijyb.
Ijyb is severely wounded.
Ijyb hits you with a cursed -1 dagger.
You die...

####
..#
#g#
#@#
###


You could see Ijyb.

Vanquished Creatures
  An adder (D:2)
  An ooze (D:1)
  A ball python (D:1)
  4 bats (D:1)
  2 giant cockroaches (D:1)
  3 goblins
  2 hobgoblins (D:1)
  6 jackals (D:1)
  3 kobolds
  4 frilled lizards
  3 rats (D:1)
30 creatures vanquished.

Notes
Turn   | Place    | Note
-------+----------+-------------------------------------------
     0 | D:1      | Duffy the Deep Elf Wizard began the quest for the Orb.
     0 | D:1      | Reached XP level 1. HP: 10/10 MP: 7/7
   349 | D:1      | Reached XP level 2. HP: 15/15 MP: 4/9
   901 | D:1      | Reached XP level 3. HP: 19/19 MP: 8/11
   905 | D:1      | Learned a level 2 spell: Blink
   909 | D:1      | Learned a level 3 spell: Conjure Flame
   913 | D:1      | Learned a level 3 spell: Mephitic Cloud
   916 | D:1      | Learned a level 2 spell: Call Imp
  1236 | D:1      | Reached skill level 5 in Spellcasting
  1631 | D:3      | Noticed Ijyb
  1677 | D:3      | Slain by Ijyb

Vault maps used:
D:1:      kennysheep_arrival_seaside
D:2:      lemuel_round_altar, first_ration
D:3:      chequers_temple_overflow_statue_of_worship,
          chequers_ecumenical_altar_simple, uniq_grinder, uniq_ijyb,
          uniq_sigmund

Skill      XL: |  1  2  3 |
---------------+----------+-----
Conjurations   | 2 3 |  3.2
Spellcasting   | 5 |  5.1
Dodging        | |  2.4
Stealth        | |  2.4
Summonings     | |  1.1
Translocations | |  1.1

Action                   || total
-------------------------++-------
Melee: Unarmed           ||    31
 Cast: Magic Dart        ||    83
       Blink             ||     3
       Conjure Flame     ||     1
  Use: Potion            ||     5
  Eat: Chunk             ||     1
Armor: Robe              ||    12
Dodge: Dodged            ||    27

Table legend:
 A = Non-vault XP
 B = Vault XP
 C = Vault XP percentage of total XP
 D = Non-vault monster count
 E = Vault monster count
 F = Vault count percentage of total count
                 A         B        C        D         E       F
            +---------+---------+-------+---------+---------+-------
      Total |      69 |       0 |   0.0 |      30 |       0 |   0.0
            +---------+---------+-------+---------+---------+-------
        D:1 |      50 |       0 |   0.0 |      26 |       0 |   0.0
        D:2 |      19 |       0 |   0.0 |       4 |       0 |   0.0
            +---------+---------+-------+---------+---------+-------
